 Dungeon Crawl Stone Soup version 0.30-a0-347-gf58ed5266c (webtiles) character file.

Game seed: 15822707157563021923

35 p00ps00p the Insei (level 3, 0/27 HPs)
             Began as a Djinni Transmuter on Nov 6, 2022.
             Slain by a frilled lizard (1 damage)
             ... on level 2 of the Dungeon.
             The game lasted 00:03:06 (1718 turns).

p00ps00p the Insei (Djinni Transmuter)              Turns: 1718, Time: 00:03:06

Health: 0/27       AC:  2    Str: 11    XL:     3   Next: 52%
Gold:   33         EV: 13    Int: 14    God:
                   SH:  0    Dex: 19

rFire   + + .      SeeInvis .      - Unarmed
rCold   x . .      Faith    .    (no shield)
rNeg    . . .      Spirit   .    a - +0 robe
rPois   ∞          Reflect  .    (helmet currently unavailable)
rElec   .          Harm     .    (no cloak)
rCorr   .          Rampage  .    (no gloves)
Will    .....                    (boots unavailable)
Stlth   ++........               (no amulet)
HPRegen 0.24/turn                c - +6 ring of dexterity
MPRegen 0.00/turn                (no ring)

@: appendages, wereblooded, flying, very slightly contaminated
A: horns 2, flying, sickness immunity, fire resistance 2, cold vulnerability 1,
float, innate caster, HP casting, extra vitality 1
a: End Transformation


You were on level 2 of the Dungeon.
You had temporarily grown beastly horns.
You visited 1 branch of the dungeon, and saw 2 of its levels.

You collected 33 gold pieces.

Inventory:

Missiles
 d - 5 poisoned darts
Armour
 a - a +0 robe (worn)
 f - a +0 hat
Jewellery
 c - a +6 ring of dexterity (left hand)
Scrolls
 b - 2 scrolls of teleportation
Potions
 e - a potion of degeneration {unknown}
 g - 2 potions of curing {unknown}
 h - a potion of flight {unknown}
 i - a potion of heal wounds {unknown}
 j - a potion of brilliance {unknown}


   Skills:
 + Level 1.6 Fighting
 + Level 2.8 Dodging
 + Level 3.3 Unarmed Combat
 + Level 1.9 Spellcasting


You couldn't memorise any spells.
You knew the following spells:

 Your Spells              Type           Power      Damage    Failure   Level
a - Beastly Appendage     Tmut           12%        N/A       11%         1
b - Wereblood             Tmut           6%         N/A       16%         2
c - Spider Form           Tmut/Pois      6%         N/A       32%         3
d - Ice Form              Ice/Tmut       6%         N/A       71%         4
e - Necrotise             Necr           24%        1d5       11%         1
Your spell library was empty.

Dungeon Overview and Level Annotations

Branches:
Dungeon (2/15)

Altars:

Shops:
D:1 :


Innate Abilities, Weirdness & Mutations

You have temporarily grown beastly horns.
You are flying.
You are immune to sickness and miasma.
You are immune to poison.
Your flesh is very heat resistant. (rF++)
You are vulnerable to cold. (rC-)
You float through the air rather than walking.
You learn spells naturally, not from books.
Your magical power is your life essence.
You have superior vitality. (+4 MHP)


Message History

You miscast Wereblood.
You are very lightly contaminated with residual magic.
Nothing appears to happen.
The frilled lizard closely misses you.
Casting: Wereblood (safe; 16% risk of failure)
Confirm with . or Enter, or press ? or * to list all spells.
You fail to extend your transformation any further.
The frilled lizard bites you but does no damage.
Casting: Beastly Appendage (safe; 11% risk of failure)
Confirm with . or Enter, or press ? or * to list all spells.
Your blood is freshly infused with primal strength!
* * * LOW HITPOINT WARNING * * *
Your transformation is almost over.
The frilled lizard misses you.
Casting: Wereblood (safe; 16% risk of failure)
Confirm with . or Enter, or press ? or * to list all spells.
You extend your transformation's duration.
* * * LOW HITPOINT WARNING * * *
The frilled lizard closely misses you.
Casting: Beastly Appendage (safe; 11% risk of failure)
Confirm with . or Enter, or press ? or * to list all spells.
Your blood is freshly infused with primal strength!
* * * LOW HITPOINT WARNING * * *
The frilled lizard barely misses you.
Casting: Wereblood (safe; 16% risk of failure)
Confirm with . or Enter, or press ? or * to list all spells.
You extend your transformation's duration.
* * * LOW HITPOINT WARNING * * *
The frilled lizard closely misses you.
Casting: Beastly Appendage (safe; 11% risk of failure)
Confirm with . or Enter, or press ? or * to list all spells.
Your blood is freshly infused with primal strength!
* * * LOW HITPOINT WARNING * * *
Your transformation is almost over.
The frilled lizard misses you.
Casting: Wereblood (safe; 16% risk of failure)
Confirm with . or Enter, or press ? or * to list all spells.
You extend your transformation's duration.
* * * LOW HITPOINT WARNING * * *
The frilled lizard bites you.
You die...

### #####.#####
#....#@l..#
#...###.#.# ###
#.####### #..##
#.. ...
........# #...#
### #.#
.#####..###..#.#
#.# #..##...##.#
#.# #..#.###.###
######.# #...#
##.## #...†..#
######.)## ##.#
#.###..# ##


You could see a frilled lizard.

Vanquished Creatures
  A dart slug (D:1)
  An endoplasm (D:1)
  4 goblins
  5 hobgoblins (D:1)
  3 jackals (D:1)
  A quokka (D:2)
  4 bats
  7 frilled lizards
  4 kobolds (D:1)
  A rat (D:2)
31 creatures vanquished.

Notes
Turn   | Place    | Note
-------+----------+-------------------------------------------
     0 | D:1      | p00ps00p the Djinni Transmuter began the quest for the Orb.
     0 | D:1      | p00ps00p set off with the following spells memorised:
                  | Beastly Appendage, Wereblood, Spider Form, Ice Form.
     0 | D:1      | Reached XP level 1. HP: 17/17 MP: 0/0
   103 | D:1      | Reached XP level 2. HP: 9/22 MP: 0/0
   361 | D:1      | Reached XP level 3. HP: 14/27 MP: 0/0
   361 | D:1      | Learned a level 1 spell: Necrotise
   755 | D:1      | Found Xyawiclu's Book Emporium.
   944 | D:1      | You are sucked into a shaft and drop 1 floor!
   956 | D:2      | HP: 1/27 [goblin/+0 club (3)]
  1718 | D:2      | Slain by a frilled lizard

Illustrated notes

Levels and vault maps discovered:
D:1:      dpeg_arrival_water_temple_mockup, layout_loops_ring, serial_shops,
          nicolae_square_shop
D:2:      layout_loops_ring, basic_altar

Action                   || total
-------------------------++-------
Melee: Unarmed           ||    86
       Headbutt          ||     7
       Punch             ||     1
 Cast: Beastly Appendage ||    31
       Wereblood         ||    26
  Use: Scroll            ||     3
       Potion            ||     1
Armor: Robe              ||    21
       Skin              ||    10
Dodge: Dodged            ||    79

Table legend: (Time is in decaauts)
 A = Elapsed time spent in this place.
 B = Non-inter-level travel time spent in this place.
 C = Inter-level travel time spent in this place.
 D = Time resting spent in this place.
 E = Time spent auto-exploring this place.
 F = Levels seen in this place.
 G = Mean time per level.
                   A        B        C        D        E       F      G
               +--------+--------+--------+--------+--------+-----+--------+
         Total |   1713 |   1693 |     20 |    706 |    711 |   2 |  856.5 |
       Dungeon |   1713 |   1693 |     20 |    706 |    711 |   2 |  856.5 |
               +--------+--------+--------+--------+--------+-----+--------+

Top non-repeatable levels by time:
     D:1: 1207 daAuts
     D:2: 505 daAuts
